 Dungeon Crawl Stone Soup version 0.20-a0-1122-gb7cbeb9 (webtiles) character file.

1106 salapander the Firebug (level 8, -1/41 HPs)
             Began as a Gargoyle Fire Elementalist on May 13, 2017.
             Slain by a gnoll
             ... wielding a +2 halberd of freezing
              (10 damage)
             ... on level 4 of the Dungeon.
             The game lasted 00:08:21 (4500 turns).

salapander the Firebug (Gargoyle Fire Elementalist) Turns: 4500, Time: 00:08:21

Health: -1/41      AC: 11    Str: 12    XL:     8   Next: 33%
Magic:  0/11       EV: 12    Int: 20    God:
Gold:   100        SH:  0    Dex: 12    Spells: 10/11 levels left

rFire    . . .     SeeInvis .   u - -3 mace (curse)
rCold    . . .     Gourm    .   (no shield)
rNeg     + . .     Faith    .   a - +0 robe
rPois    ∞         Spirit   .   g - +2 helmet
rElec    +         Reflect  .   t - +0 cloak
rCorr    .         Harm     .   (no gloves)
MR       .....                  (no boots)
Stlth    ++........             (no amulet)
Regen    0.2/turn               d - ring of flight
MPRegen  0.2/turn               i - +2 ring of dexterity

@: no status effects
A: clever 1, negative energy resistance 1, electricity resistance, wild magic 1,
unbreathing, petrification resistance, rot immunity, AC +5
a: Evoke Flight


You were on level 4 of the Dungeon.
You were not hungry.

You visited 1 branch of the dungeon, and saw 4 of its levels.

You collected 100 gold pieces.

Inventory:

Hand Weapons
 q - a +1 dagger of electrocution
 u - a cursed -3 mace (weapon)
Armour
 a - a +0 robe (worn)
 g - a +2 helmet (worn)
 t - a +0 cloak (worn)
Jewellery
 d - a ring of flight (left hand)
 i - a +2 ring of dexterity (right hand)
Scrolls
 f - a scroll of recharging
 h - a scroll of fear
 k - 2 scrolls of fog
 l - a scroll of immolation
 p - a scroll of enchant weapon
 s - a scroll of magic mapping {unknown}
Books
 b - a book of Flames

   Spells                             Type                      Level
   a - Flame Tongue                   Conjuration/Fire             1
   b - Throw Flame                    Conjuration/Fire             2
   c - Conjure Flame                  Conjuration/Fire             3
   d - Inner Flame                    Hexes/Fire                   3
   e - Sticky Flame                   Conjuration/Fire             4
   f - Fireball                       Conjuration/Fire             5
Comestibles
 c - 4 bread rations


   Skills:
 - Level 1.5 Dodging
 - Level 2.1 Stealth
 - Level 2.0 Spellcasting
 + Level 7.3 Conjurations
 + Level 7.4 Fire Magic


You had 10 spell levels left.
You knew the following spells:

 Your Spells              Type           Power        Failure   Level  Hunger
a - Flame Tongue          Conj/Fire      #####        1%          1    #......


Dungeon Overview and Level Annotations

Branches:
Dungeon (4/15)
 Temple: D:4-7

Altars:
Cheibriados
The Shining One


Innate Abilities, Weirdness & Mutations

You are resistant to torment.
Your stone body is resilient. (AC +5)
You are immune to poison.
You resist negative energy. (rN+)
You are resistant to electric shocks. (rElec)
You can survive without breathing.
You are immune to petrification.
You are immune to rotting.
Your mind is acute. (Int +2)
Your spells are a little harder to cast, but a little more powerful.


Message History

You barely miss the gnoll.
The gnoll is moderately wounded.
The gnoll shouts!
The gnoll hits you but does no damage. x2; The gnoll misses you.
The gnoll closely misses you. The gnoll hits you but does no damage.
You closely miss the gnoll.
The gnoll is moderately wounded.
The gnoll closely misses you. The gnoll barely misses you.
The gnoll misses you.
Casting: Flame Tongue
Confirm with . or Enter, or press ? or * to list all spells.
Aiming: Flame Tongue
Press: ? - help, Shift-Dir - straight line, f/p - gnoll
Aim: a gnoll (moderately wounded)
The flame tongue hits the gnoll.
The gnoll is moderately wounded.
The gnoll barely misses you. The gnoll hits you.
* * * LOW HITPOINT WARNING * * *
The gnoll hits you from afar with a halberd of freezing!
You die...

...)......g....................[.
≈)≈†≈≈....≈≈≈≈≈≈≈≈≈≈≈≈≈≈≈≈≈≈≈...P
)≈≈≈≈≈....≈≈≈≈≈≈≈≈≈≈≈≈≈≈≈≈≈≈≈....
≈≈≈≈≈≈....≈≈≈≈≈≈≈≈≈≈≈≈#####≈≈....
..)...................#.gg#≈≈....
######''''#############...#≈≈P...
....#...ggg'....#+###≈≈....
###.##g# #.≈≈≈.... #%...#@#
#.≈≈≈.... ######## #.≈≈≈....
#.≈≈≈..P. #.≈≈≈.... #.≈≈≈....
#.≈≈≈.... #.≈≈≈.... #+###≈≈....
#######################...#≈≈....


You could see 3 gnolls.

Vanquished Creatures
  Grinder (D:3)
  Sigmund (D:3)
  Eustachio (D:4)
  Duvessa (D:4)
  Dowan (D:4)
  2 gnoll shamans (D:4)
  An orc priest (D:3)
  Crazy Yiuf (D:3)
  Ijyb (D:4)
  Terence (D:3)
  Natasha (D:4)
  A hound skeleton (D:4)
  11 gnolls
  7 adders
  An adder skeleton (D:4)
  A worm (D:2)
  4 dart slugs
  A leopard gecko (D:3)
  3 orcs (D:3)
  7 bats
  4 giant cockroaches
  3 goblins
  8 hobgoblins
  17 jackals (D:4)
  7 kobolds
  2 frilled lizards
  7 rats
96 creatures vanquished.

Vanquished Creatures (others)
  A quokka (D:4)
1 creature vanquished.

Grand Total: 97 creatures vanquished

Notes
Turn   | Place    | Note
-------+----------+-------------------------------------------
     0 | D:1      | salapander the Gargoyle Fire Elementalist began the quest for the Orb.
     0 | D:1      | Reached XP level 1. HP: 10/10 MP: 3/3
   168 | D:1      | Reached XP level 2. HP: 4/15 MP: 0/5
  1099 | D:1      | Reached XP level 3. HP: 19/19 MP: 4/6
  1757 | D:2      | Reached XP level 4. HP: 14/24 MP: 0/7
  2109 | D:2      | Found a snail-covered altar of Cheibriados.
  2149 | D:3      | Noticed Sigmund
  2177 | D:3      | Killed Sigmund
  2177 | D:3      | Reached skill level 5 in Fire Magic
  2177 | D:3      | Reached XP level 5. HP: 17/28 MP: 0/8
  2177 | D:3      | Reached XP level 6. HP: 20/32 MP: 0/9
  2365 | D:3      | Noticed Grinder
  2378 | D:3      | Killed Grinder
  2378 | D:3      | Reached skill level 5 in Conjurations
  2378 | D:3      | Reached XP level 7. HP: 22/36 MP: 0/10
  2803 | D:3      | Noticed Terence
  2818 | D:3      | Killed Terence
  2984 | D:3      | Found a runed door.
  3261 | D:3      | Noticed Crazy Yiuf
  3269 | D:3      | Killed Crazy Yiuf
  3663 | D:4      | Noticed Eustachio
  3670 | D:4      | Killed Eustachio
  3834 | D:4      | Noticed Duvessa
  3836 | D:4      | Noticed Dowan
  3852 | D:4      | Killed Duvessa
  3852 | D:4      | Reached XP level 8. HP: 35/41 MP: 2/11
  3857 | D:4      | Killed Dowan
  3973 | D:4      | Noticed Natasha
  3979 | D:4      | Killed Natasha
  4055 | D:4      | Noticed Ijyb
  4067 | D:4      | Killed Ijyb
  4473 | D:4      | Found a glowing golden altar of the Shining One.
  4492 | D:4      | Gained mutation: Your mind is acute. (Int +2) [potion of mutation]
  4492 | D:4      | Gained mutation: Your spells are a little harder to cast, but a little more powerful. [potion of mutation]
  4500 | D:4      | Slain by a gnoll

Vault maps used:
D:1:      dpeg_arrival_boxorama
D:2:      kennysheep_slug_shrine
D:3:      first_bread, uniq_grinder, uniq_crazy_yiuf_cottage, uniq_sigmund,
          uniq_terence
D:4:      lemuel_castle_with_subvaults, elyvilon_altar_4, tso_altar,
          uniq_duvessa, uniq_eustachio, uniq_natasha, uniq_ijyb

Skill      XL: |  1  2  3  4  5  6  7  8 |
---------------+-------------------------+-----
Conjurations   | 2 3 4 5 6 7 |  7.3
Fire Magic     | 4 5 6 7 |  7.4
Dodging        | |  1.5
Stealth        | |  2.1
Spellcasting   | |  2.0

Action                   |  1- 3 |  4- 6 |  7- 9 || total
-------------------------+-------+-------+-------++-------
Melee: Unarmed           |   111 |    53 |     8 ||   172
       Mace              |       |       |    37 ||    37
       Quarterstaff      |       |       |    12 ||    12
 Cast: Flame Tongue      |    36 |    27 |   123 ||   186
  Use: Potion            |       |     5 |     3 ||     8
       Scroll            |       |       |     9 ||     9
 Stab: Sleeping          |     5 |       |     2 ||     7
       Invisible         |       |     1 |       ||     1
  Eat: Chunk             |     3 |     3 |     8 ||    14
Armor: Robe              |    58 |    23 |    62 ||   143
Dodge: Dodged            |   107 |    46 |   116 ||   269
